Map: 어스름 탑

Players

무적통닭

  • Race: Zerg Zerg
  • League: Diamond

가온나래 - Winner!

  • Race: Terran Terran
  • League: Platinum

VOD

Have the link to the VOD?

Description

Time

  • Played on: June 18, 2016, 12:40 p.m.
  • Length: 31:45
Show
View Real Time Build Order
Export as new Build Order

무적통닭 Zerg 

Build Orders: Hatch First 

Get SALT Encoding   

  12  0:01  Drone  
  13  0:07  Drone  
  14  0:17  Overlord  
  14  0:35  Drone x3  
  17  0:46  Drone  
  18  0:57  Hatchery  
  18  0:58  Drone  
  18  1:09  Drone  
  19  1:17  Spawning Pool  
  18  1:19  Extractor, Drone  
  18  1:28  Drone  
  19  1:39  Drone  
  20  1:50  Overlord  
  20  2:04  Queen  
  22  2:10  Queen, Drone  
  22  2:11  Drone  
  26  2:23  Metabolic Boost  
  26  2:24  Drone x2  
  26  2:26  Drone  
  29  2:32  Drone  
  29  2:35  Drone  
  31  2:39  Queen  
  31  2:43  Overlord  
  33  2:47  Drone  
  34  2:57  Drone  
  35  2:59  Drone  
  36  3:10  Zergling x2  
  36  3:11  Drone  
  38  3:13  Drone x3  
  38  3:15  Hatchery  
  40  3:20  Queen  
  40  3:21  Drone  
  40  3:22  Drone  
  40  3:25  Overlord  
  44  3:44  Extractor  
  43  3:50  Drone x6  
  43  3:52  Overlord x3  
  49  4:02  Spore Crawler  
  48  4:12  Spine Crawler  
  48  4:13  Zergling x10  
  52  4:19  Baneling Nest  
  52  4:20  Spore Crawler, Spine Crawler  
  49  4:28  Drone  
  49  4:30  Overlord, Zergling x6  
  49  4:31  Overlord  
  53  4:39  Lair  
  53  4:41  Drone  
  53  4:42  Drone  
  53  4:43  Extractor  
  54  4:45  Extractor  
  53  4:57  Drone x2  
  55  5:00  Zergling x6  
  55  5:01  Zergling x10  
  55  5:02  Burrow  
  63  5:29  Drone  
  63  5:30  Drone x3  
  63  5:32  Drone x4  
  63  5:33  Drone  
  63  5:34  Roach Warren, Drone  
  72  5:42  Overseer  
  69  6:09  Drone x3, Spire  
  69  6:10  Drone x2  
  73  6:23  Drone x5  
  73  6:25  Glial Reconstitution  
  78  6:27  Roach  
  78  6:28  Roach x8, Overlord x2  
  96  6:33  Spine Crawler  
  95  6:50  Evolution Chamber, Drone x3  
  95  6:53  Extractor x2  
  95  7:02  Evolution Chamber  
  95  7:07  Drone x3  
  95  7:08  Drone  
  98  7:11  Drone  
  99  7:15  Spine Crawler  
  99  7:22  Mutalisk  
  98  7:23  Mutalisk x3  
  98  7:24  Overlord x2  
  98  7:25  Overlord x4  
  99  7:44  Drone x3  
  99  7:50  Mutalisk x6  
  99  7:51  Mutalisk x4  
  114  7:57  Spore Crawler  
  121  8:08  Mutalisk  
  121  8:11  Queen, Drone x5  
  121  8:12  Drone  
  130  8:20  Zerg Ground Armor Level 1  
  130  8:23  Drone x2  
  132  8:32  Drone  
  133  8:38  Spine Crawler  
  133  8:39  Spine Crawler x2  
  133  8:40  Spine Crawler  
  129  8:41  Spine Crawler  
  129  8:46  Drone x3  
  129  9:17  Mutalisk x3  
  129  9:18  Mutalisk x6  
  129  9:21  Drone x2  
  129  9:22  Drone x2  
  131  10:00  Mutalisk x2  
  131  10:01  Mutalisk x4  
  131  10:05  Zergling x2  
  131  10:06  Zergling x16  
  152  10:07  Hatchery  
  152  10:12  Zerg Melee Weapons Level 1  
  151  10:14  Hatchery  
  150  10:29  Drone x2  
  150  10:31  Baneling x11  
  150  10:32  Baneling x7  
  152  10:47  Tunneling Claws  
  152  10:55  Infestation Pit, Queen  
  152  10:56  Overlord x6  
  153  11:03  Zergling x2  
  154  11:04  Overlord x3  
  154  11:08  Overseer  
  154  11:13  Overlord  
  154  11:14  Overlord x2  
  154  11:19  Drone  
  154  11:20  Queen  
  157  11:28  Extractor  
  157  11:30  Extractor, Zergling x2  
  157  11:31  Zergling x24  
  157  11:32  Zergling x6  
  137  12:00  Drone x3  
  137  12:01  Baneling x18  
  131  12:12  Baneling x10  
  131  12:13  Baneling x5  
  122  12:23  Roach  
  122  12:24  Roach x15  
  122  12:25  Overseer  
  122  12:27  Drone x2  
  156  12:38  Hydralisk Den  
  156  12:39  Zerg Ground Armor Level 2, Hive  
  156  12:40  Zerg Missile Weapons Level 1  
  154  12:44  Roach x3  
  154  12:45  Roach x2  
  164  12:51  Drone x3  
  164  12:54  Drone  
  168  13:13  Zergling x14  
  168  13:14  Baneling x10, Zergling x20  
  168  13:19  Overseer x4  
  177  13:38  Baneling x7  
  177  13:39  Baneling x18  
  177  13:40  Baneling x12  
  177  13:42  Roach x9  
  177  13:43  Roach x2  
  197  13:58  Roach  
  171  14:26  Ultralisk Cavern  
  171  14:27  Corruptor x5  
  180  14:31  Drone x3  
  180  14:32  Drone x5  
  180  14:33  Roach x30  
  188  14:45  Drone x2  
  170  15:19  Corruptor x2  
  170  15:20  Corruptor x4  
  180  15:39  Hatchery  
  179  15:43  Centrifical Hooks  
  179  15:44  Chitinous Plating  
  179  15:46  Roach x28  
  179  15:50  Drone x3  
  182  15:59  Zergling x10  
  182  16:00  Zergling x14  
  194  16:23  Extractor  
  193  16:26  Extractor  
  193  16:30  Zerg Melee Weapons Level 2  
  193  16:31  Zerg Ground Armor Level 3  
  193  16:32  Adrenal Glands  
  192  16:37  Roach x28  
  192  16:40  Muscular Augments  
  186  17:06  Roach x8  
  172  17:08  Hydralisk  
  172  17:09  Hydralisk x13  
  196  17:20  Zergling x24  
  192  17:28  Roach x4  
  194  17:38  Baneling  
  194  17:40  Baneling x10  
  194  17:41  Baneling x15  
  153  18:05  Roach x4  
  147  18:06  Roach x8  
  147  18:11  Drone x3  
  166  18:21  Hatchery  
  165  18:31  Spine Crawler  
  165  18:32  Spine Crawler  
  161  18:47  Roach x16  
  161  18:53  Roach x14  
  155  19:28  Ultralisk x5  
  155  19:29  Ultralisk x2  
  155  19:30  Zergling x6  
  155  19:31  Roach x13  
  200  19:43  Spine Crawler x2  
  198  19:45  Spore Crawler x2  
  130  20:24  Corruptor x7  
  130  20:25  Corruptor x2  
  139  20:34  Roach x6  
  135  20:35  Drone  
  135  20:36  Roach, Drone x2  
  135  20:37  Roach x6  
  138  20:44  Drone x2  
  138  20:45  Drone  
  141  21:01  Drone x2  
  143  21:16  Roach  
  143  21:17  Roach x12  
  169  21:20  Drone  
  169  21:21  Drone  
  171  21:32  Spore Crawler  
  168  22:04  Greater Spire  
  168  22:10  Hatchery  
  167  22:20  Extractor  
  167  22:21  Extractor  
  165  22:23  Spine Crawler  
  165  22:25  Spine Crawler x2  
  165  22:26  Spine Crawler  
  165  22:27  Spore Crawler  
  165  22:28  Drone x3  
  165  22:29  Spore Crawler  
  162  22:42  Zergling x2  
  162  22:43  Zergling x24  
  162  22:44  Zergling x10  
  180  22:45  Extractor  
  179  23:11  Baneling  
  179  23:12  Baneling x13  
  179  23:13  Baneling x9  
  179  23:15  Baneling  
  175  23:45  Drone x16  
  175  24:07  Corruptor x2  
  175  24:08  Corruptor x2  
  183  24:13  Zergling x12  
  183  24:14  Zergling x22  
  200  24:32  Spine Crawler  
  200  24:33  Drone x2, Spine Crawler x2  
  200  24:34  Drone  
  194  25:01  Viper x2  
  194  25:06  Zerg Missile Weapons Level 2, Roach x17  
  200  25:08  Zerg Melee Weapons Level 3  
  192  25:42  Roach  
  168  25:51  Ultralisk x2, Viper  
  168  25:52  Viper  
  168  25:54  Zergling x10  
  168  25:55  Zergling x18  
  200  26:25  Hatchery  
  199  26:26  Drone  
  196  27:09  Hatchery  
  196  27:14  Baneling x5  
  196  27:15  Baneling x17  
  195  27:42  Hatchery  
  194  27:47  Baneling  
  194  27:48  Baneling x18  
  194  27:49  Baneling x14  
  194  28:38  Drone x2  
  196  28:49  Pneumatized Carapace  
  196  29:06  Extractor  
  84  29:48  Roach x14  
  84  29:49  Roach x9  
  128  30:03  Zergling x26  
  136  30:13  Drone  
  133  30:15  Queen  
  133  30:50  Roach x22  
  107  31:21  Zergling x2  
  107  31:22  Zergling x34  
Show
View Real Time Build Order
Export as new Build Order

가온나래 Terran - Winner!

Build Orders: MMM Bio 

Get SALT Encoding   

  12  0:00  SCV  
  13  0:13  SCV  
  14  0:17  Supply Depot  
  14  0:25  SCV  
  15  0:39  SCV  
  15  0:41  Barracks  
  16  0:45  Refinery  
  16  0:51  SCV  
  17  1:03  SCV  
  18  1:15  SCV  
  19  1:27  Orbital Command  
  19  1:43  Barracks Reactor  
  19  1:44  Command Center  
  19  1:53  SCV  
  20  2:05  SCV  
  20  2:07  Supply Depot  
  21  2:15  Factory  
  21  2:17  SCV  
  21  2:19  Marine  
  23  2:27  Refinery  
  23  2:29  Marine  
  24  2:34  Barracks  
  24  2:36  SCV  
  25  2:41  Marine  
  26  2:47  Marine  
  26  2:48  SCV  
  28  2:57  Supply Depot  
  28  3:00  SCV  
  28  3:02  Marine  
  30  3:06  Starport  
  30  3:11  Factory Reactor  
  31  3:12  SCV  
  31  3:20  Orbital Command  
  31  3:23  Barracks Tech Lab  
  31  3:25  Marine  
  32  3:28  SCV  
  33  3:36  Engineering Bay  
  32  3:49  Marine x2  
  32  3:53  Stimpack, Marine  
  32  3:55  Medivac  
  37  3:58  Medivac  
  39  4:03  SCV  
  39  4:08  Missile Turret  
  40  4:10  Marine x2  
  40  4:11  Marine  
  40  4:16  SCV  
  44  4:18  Terran Infantry Weapons Level 1  
  44  4:20  Widow Mine  
  46  4:25  Refinery  
  46  4:28  SCV x2  
  48  4:34  Supply Depot  
  48  4:37  Marine  
  49  4:40  Marine  
  49  4:41  SCV  
  49  4:43  Supply Depot  
  51  4:53  SCV  
  51  4:55  Engineering Bay  
  51  4:56  Marine  
  51  4:57  Marine, Liberator  
  51  4:58  Marine, Widow Mine  
  57  5:05  SCV  
  58  5:08  SCV  
  59  5:17  SCV  
  59  5:20  SCV  
  64  5:26  Terran Infantry Armor Level 1  
  64  5:29  SCV  
  64  5:35  Command Center  
  59  5:59  Marine x2  
  59  6:00  Marine  
  59  6:03  Factory Reactor  
  63  6:04  SCV  
  63  6:07  Barracks  
  63  6:08  Combat Shields  
  63  6:10  SCV, Barracks  
  64  6:13  Refinery  
  64  6:16  SCV  
  65  6:22  SCV, Missile Turret  
  66  6:28  SCV  
  66  6:44  SCV  
  66  6:50  Armory  
  66  6:56  SCV, Orbital Command, Supply Depot  
  66  6:57  Marine x3  
  66  6:59  Barracks Reactor  
  66  7:00  Barracks Tech Lab  
  70  7:04  Widow Mine x2  
  70  7:05  Barracks  
  70  7:06  Medivac x2  
  78  7:09  Supply Depot  
  78  7:13  Supply Depot  
  78  7:32  Widow Mine x2  
  78  7:36  Medivac  
  81  7:53  Orbital Command  
  81  7:55  Marine x4  
  81  7:56  Marine x2  
  81  7:57  Barracks Reactor  
  87  7:59  Concussive Shells  
  87  8:01  Terran Infantry Weapons Level 2, Widow Mine  
  87  8:02  Terran Infantry Armor Level 2  
  87  8:04  Terran Vehicle And Ship Armor Level 1  
  89  8:06  Medivac  
  89  8:07  Widow Mine  
  93  8:13  Marine x3  
  96  8:29  Widow Mine  
  96  8:31  Marine x2  
  96  8:32  Marine x2  
  96  8:33  SCV  
  103  8:36  Widow Mine  
  103  8:37  SCV  
  106  8:42  SCV  
  106  8:45  SCV  
  108  8:49  SCV  
  108  8:54  Supply Depot  
  109  8:58  Supply Depot  
  109  9:01  SCV x2  
  109  9:02  Starport, Widow Mine  
  109  9:10  SCV, Widow Mine  
  109  9:13  SCV  
  109  9:16  Supply Depot  
  109  9:19  Marine x4  
  109  9:22  SCV, Missile Turret  
  109  9:23  Liberator x2  
  111  9:26  SCV  
  111  9:30  Marine  
  111  9:31  Marine x3  
  108  9:34  SCV  
  108  9:36  Marine  
  108  9:37  Marine x2  
  110  9:38  Marine  
  111  9:46  SCV x2  
  111  9:48  Marine  
  111  9:49  Marine x2  
  112  9:58  SCV x2  
  113  10:06  Liberator x2  
  113  10:07  Missile Turret  
  113  10:10  SCV  
  113  10:11  SCV  
  113  10:13  Starport Reactor  
  113  10:14  Refinery, Widow Mine x2  
  115  10:15  Refinery  
  119  10:23  SCV x2  
  119  10:26  Supply Depot, Terran Infantry Armor Level 3  
  127  10:35  SCV  
  128  10:42  Terran Ship Weapons Level 1, Widow Mine x2  
  126  10:44  Marine x2  
  126  10:45  Marine  
  126  10:47  SCV x2, Marine x3  
  126  10:49  Supply Depot  
  138  10:50  Missile Turret  
  138  10:59  SCV x2  
  138  11:00  Marine  
  141  11:05  Barracks  
  141  11:06  Barracks  
  141  11:08  Supply Depot x2  
  141  11:10  Marine x3  
  144  11:31  Supply Depot  
  134  11:48  Liberator x2  
  130  11:59  Missile Turret  
  128  12:03  Missile Turret x2  
  128  12:06  Medivac x2  
  138  12:13  Command Center  
  126  12:18  Marine  
  126  12:19  Marine x4  
  126  12:21  Marine x3  
  103  12:31  Liberator  
  103  12:34  Barracks Reactor  
  103  12:35  Barracks Tech Lab  
  103  12:36  Medivac x2, Marine x3  
  103  12:37  Marine x2  
  109  12:38  SCV  
  109  12:39  Marine x2  
  113  12:48  Medivac  
  113  12:49  Liberator  
  113  12:50  SCV  
  119  12:52  Supply Depot x2  
  119  12:58  Marine x3  
  119  12:59  Marine x2  
  119  13:00  Refinery, Marauder  
  119  13:01  Liberator  
  119  13:02  Refinery  
  119  13:03  Terran Infantry Weapons Level 3  
  126  13:06  Medivac, Ghost Academy  
  131  13:14  Liberator, Widow Mine x2  
  138  13:23  Marine x5  
  138  13:24  Marine  
  144  13:37  Marine x4  
  148  13:42  Widow Mine x2  
  147  14:11  Widow Mine x2  
  125  14:20  Marauder x3  
  125  14:21  Marine x3  
  125  14:22  Marine x5  
  139  14:29  Planetary Fortress  
  139  14:36  Missile Turret  
  139  14:38  Supply Depot  
  139  14:39  Marine x4  
  139  14:40  Marine x4  
  139  14:41  Marine x2, Marauder  
  139  14:45  SCV x2  
  153  14:53  Command Center, Widow Mine x2  
  153  14:57  Marine x2  
  153  14:58  Supply Depot  
  149  15:03  Marine x4  
  149  15:15  SCV  
  149  15:19  Supply Depot  
  150  15:22  Widow Mine x2  
  150  15:24  Missile Turret, Command Center  
  150  15:25  Missile Turret  
  150  15:27  SCV  
  155  15:32  Marine x4, Marauder x3  
  155  15:35  Terran Vehicle And Ship Armor Level 2  
  163  15:39  SCV  
  163  15:42  Supply Depot  
  164  15:46  Missile Turret  
  164  15:49  Missile Turret  
  164  15:56  Marine x2  
  164  15:57  Marine x7  
  173  16:17  Liberator x2  
  170  16:31  Building Armor  
  170  16:33  Marine x2, Marauder x3  
  170  16:34  Marine x2  
  186  16:55  Marauder  
  188  17:08  Liberator x4  
  182  17:44  Marine x4  
  182  17:45  Ghost x3, Marine x3  
  182  17:46  Marine  
  182  17:50  Liberator  
  182  17:51  Terran Ship Weapons Level 2  
  165  18:02  Marine  
  128  18:08  Viking x3, Marine  
  128  18:09  Marine x6  
  140  18:14  Marine x2  
  142  18:20  Marine x2  
  142  18:26  Marine x2  
  143  18:30  Marine x2  
  143  18:31  Marine x4  
  143  18:32  Marine  
  150  18:38  Marine x2  
  152  18:41  Planetary Fortress  
  152  18:44  Marine x2  
  154  18:48  Marine x3  
  154  18:50  Sensor Tower, Marauder x2  
  154  18:52  Supply Depot  
  161  18:55  Ghost  
  161  19:01  Supply Depot  
  161  19:10  Ghost  
  157  19:18  Refinery  
  157  19:21  Refinery  
  157  19:24  Supply Depot  
  153  19:26  Medivac x2  
  153  19:29  Viking x2  
  158  20:07  Terran Vehicle And Ship Armor Level 3  
  133  20:24  Marine x3, Liberator x4  
  123  20:44  Marauder x3  
  129  20:53  Marine x2  
  129  20:54  Marine x2  
  133  21:05  Marauder x2  
  133  21:06  Marauder  
  133  21:07  Command Center, Liberator  
  139  21:13  Supply Depot  
  139  21:14  Marine x2  
  139  21:15  Supply Depot, Marine x6  
  139  21:18  SCV  
  151  21:27  Marauder x3  
  151  21:30  SCV  
  158  21:48  Marauder x3  
  164  22:05  Marine x4  
  168  22:09  Marauder  
  168  22:10  Marauder x2  
  174  22:25  Marine x5  
  174  22:27  Marine  
  174  22:28  Marine x2  
  182  22:30  Ghost  
  182  22:31  Marauder x2  
  188  22:38  Orbital Command  
  188  22:41  SCV  
  189  22:44  Terran Ship Weapons Level 3  
  189  22:48  Missile Turret  
  189  22:51  Ghost x2  
  189  22:52  Liberator  
  189  22:53  Missile Turret  
  189  22:57  Missile Turret  
  193  22:59  Command Center  
  193  23:00  Marauder  
  198  23:21  Marauder  
  198  23:23  Missile Turret  
  200  23:29  Missile Turret  
  200  23:30  Missile Turret  
  200  23:32  Missile Turret  
  200  23:36  Refinery  
  200  23:40  Refinery  
  187  23:50  Missile Turret  
  187  23:51  Missile Turret  
  187  23:53  Missile Turret  
  187  23:54  Missile Turret  
  180  24:03  Marauder x2  
  180  24:04  Marine x2, Marauder  
  188  24:10  Missile Turret  
  188  24:11  Missile Turret, Planetary Fortress  
  188  24:14  Sensor Tower  
  188  24:16  Missile Turret  
  188  24:18  Missile Turret  
  188  24:24  Ghost x3  
  194  25:13  Fusion Core, Supply Depot, Starport  
  194  25:14  Supply Depot  
  194  25:19  Missile Turret  
  188  25:36  Missile Turret  
  188  25:38  Supply Depot  
  188  25:39  Missile Turret  
  188  25:50  Orbital Command  
  188  25:54  Command Center  
  188  26:00  Viking x2  
  188  26:01  Viking  
  188  26:03  Starport Tech Lab  
  194  26:04  Supply Depot  
  194  26:38  SCV  
  190  26:50  SCV, Advanced Ballistics  
  191  26:55  Liberator x2  
  188  27:02  SCV  
  189  27:12  Viking x2  
  199  27:48  Planetary Fortress  
  199  27:52  Ghost Academy  
  199  27:57  Nuke  
  199  28:14  Missile Turret  
  199  28:15  Hi-Sec Auto Tracking  
  199  28:17  Missile Turret x2  
  199  28:38  Missile Turret  
  199  28:40  Missile Turret x2  
  199  28:44  Personal Cloaking  
  199  29:00  Nuke  
  199  29:01  Missile Turret  
  199  29:12  Neosteel Frame  
  165  29:26  Marine x2  
  165  29:27  Marine x3  
  142  29:32  Marine x6  
  147  29:47  Marine x5  
  147  29:49  Marine  
  147  29:50  Marine x2, Ghost x3  
  161  30:05  Marine x4  
  163  30:10  Nuke  
  163  30:18  Ghost x2  
  163  30:19  Marauder  
  166  30:41  Marauder  
  168  30:47  Marauder  
  168  30:48  Marauder  
  172  30:58  Command Center  
  172  31:02  Marauder  
  172  31:09  Marauder x2  
  171  31:23  Marauder  
  171  31:24  Marine  
Tags
 
Add a new tag
Caveats
  • Supply blocks, unpowered buildings, or Contaminate may cause inaccurate times.
  • Supply counts are checked every 10 seconds.